 Dungeon Crawl Stone Soup version 0.28.0-43-g3370ac3207 (webtiles) character file.

Game seed: 11414354179973595807

2 CryoSword the Sneak (level 1, 0/9 HPs)
             Began as a Vine Stalker Enchanter on Mar 16, 2022.
             Slain by a kobold
             ... wielding a +0 club
              (2 damage)
             ... on level 1 of the Dungeon.
             The game lasted 00:00:35 (53 turns).

CryoSword the Sneak (Vine Stalker Enchanter)          Turns: 53, Time: 00:00:36

Health: 0/9        AC:  2    Str: 10    XL:     1   Next: 40%
Magic:  0/4        EV: 12    Int: 15    God:
Gold:   0          SH:  0    Dex: 14    Spells: 4/4 levels left

rFire   . . .      SeeInvis .   a - +1 dagger
rCold   . . .      Faith    .   (no shield)
rNeg    . . .      Spirit   +   b - +0 robe
rPois   .          Reflect  .   (no helmet)
rElec   .          Harm     .   (no cloak)
rCorr   .          Rampage  .   (no gloves)
Will    .....                   (no boots)
Stlth   ++........              (no amulet)
HPRegen 0.03/turn               (no ring)
MPRegen 0.09/turn               (no ring)

@: invisible
A: fangs 2, magic shield, antimagic bite, no potion heal 2
a: no special abilities


You were on level 1 of the Dungeon.
You visited 1 branch of the dungeon, and saw 1 of its levels.

Inventory:

Hand Weapons
 a - a +1 dagger (weapon)
Armour
 b - a +0 robe (worn)


   Skills:
 * Level 1.0 Short Blades
 + Level 1.6 Dodging
 + Level 3.6 Stealth
 + Level 2.2 Spellcasting
 + Level 3.0 Hexes


You had 4 spell levels left.
You didn't know any spells.
Your spell library contained the following spells:

 Spells                   Type           Power      Damage    Failure   Level
 Ensorcelled Hibernation  Hex/Ice        12%        N/A       19%         2
 Confusing Touch          Hex            10%        N/A       19%         3
 Tukima's Dance           Hex            10%        N/A       19%         3
 Dazzling Flash           Conj/Hex       12%        N/A       34%         3


Dungeon Overview and Level Annotations

Branches:
Dungeon (1/15)

Altars:


Innate Abilities, Weirdness & Mutations

You have extremely sharp teeth.
When hurt, damage is shared between your health and your magic reserves.
Your bite disrupts and absorbs the magic of your enemies.
Potions cannot restore your health.


Message History

Welcome, CryoSword the Vine Stalker Enchanter.
They say the Orb of Zot lies within this dungeon, but they say a lot of things.
Found a short sword.
Found a staircase leading out of the dungeon.
You see here a +0 short sword.
An endoplasm comes into view.
Found 10 gold pieces.
A kobold comes into view. It is wielding a +0 club.
The kobold shouts!
The kobold misses you.
You barely miss the kobold.
The endoplasm quivers.
The kobold hits you with a +0 club.
You hit the endoplasm. You bite the endoplasm. You drain its power.
You feel invigorated. The endoplasm freezes you.
You are frozen.
The kobold completely misses you.
You are too injured to fight recklessly!
You are too injured to fight recklessly!
You hit the endoplasm.
You kill the endoplasm!
The kobold hits you with a +0 club.
* * * LOW HITPOINT WARNING * * *
You barely miss the kobold. The kobold hits you but does no damage.
You closely miss the kobold. The kobold barely misses you.
You hit the kobold. The kobold closely misses you.
You hit the kobold but do no damage. Your bite misses the kobold.
The kobold barely misses you.
You hit the kobold. Your bite misses the kobold.
The kobold hits you with a +0 club.
* * * LOW HITPOINT WARNING * * *
A bat comes into view.
You barely miss the kobold. You bite the kobold, but do no damage.
The kobold hits you with a +0 club.
* * * LOW HITPOINT WARNING * * *
The kobold throws a stone.
The stone closely misses you.
The kobold throws a stone.
The stone closely misses you.
You see here a +0 short sword.
The bat closely misses you. The bat barely misses you.
You hit the bat. Your bite misses the bat.
The bat hits you but does no damage. x2
You hit the bat but do no damage. Your bite misses the bat.
The bat closely misses you.
You hit the bat. The bat closely misses you.
The bat hits you but does no damage. The bat hits you but does no damage.
Okay, then.
You don't know any spells.
Okay, then.
You hit the bat.
You kill the bat!
Your Short Blades skill increases to level 1!
You fade into invisibility!
The kobold hits you with a +0 club.
You die...

###b..b...#.....
..#.###.#.....#.
#.#K# #.#.##..#
#.#.# #.#.# .#
####.#.# #.#..
#...K.b# #...#
#.###### #.#
#)##########
#....K@....#
#..........#
#..........#
#..<.......#
##....8....#
#.....♣...#
#.........#
#.........#
#.........


You could see a kobold.

Vanquished Creatures
  A bat (D:1)
  An endoplasm (D:1)
2 creatures vanquished.

Notes
Turn   | Place    | Note
-------+----------+-------------------------------------------
     0 | D:1      | CryoSword the Vine Stalker Enchanter began the quest for
                  | the Orb.
     0 | D:1      | Reached XP level 1. HP: 9/9 MP: 4/4
    53 | D:1      | Reached skill level 1 in Short Blades
    53 | D:1      | Slain by a kobold

Illustrated notes

Levels and vault maps discovered:
D:1:      wander_arrival_lonely_grave, layout_basic,
          dreamdust_ecumenical_altar_angels_and_demons

Skill      XL: |  1 |
---------------+----+-----
Short Blades   | 1 |  1.0
Dodging        | |  1.6
Stealth        | |  3.6
Spellcasting   | |  2.2
Hexes          | |  3.0

Action                   || total
-------------------------++-------
Melee: Dagger            ||    13
       Bite              ||     2
  Use: Potion            ||     1
Armor: Robe              ||     5
Dodge: Dodged            ||    11
